 Dungeon Crawl Stone Soup version 0.28-a0-845-gfc338a8e3c (webtiles) character file.

Game seed: 3865220123880333968

294 Conn the Firebug (level 6, -2/54 HPs)
             Began as an Octopode Fire Elementalist on Nov 13, 2021.
             Slain by a river rat (6 damage)
             ... summoned by Eustachio
             ... on level 4 of the Dungeon.
             The game lasted 00:08:03 (3312 turns).

Conn the Firebug (Octopode Fire Elementalist)       Turns: 3312, Time: 00:08:03

Health: -2/54      AC: 23    Str:  7    XL:     6   Next: 33%
Magic:  3/10       EV:  2    Int: 20    God:
Gold:   110        SH:  0    Dex: 12    Spells: 3/10 levels left

rFire   . . .      SeeInvis .   a - +0 dagger
rCold   . . .      Faith    .   (no shield)
rNeg    . . .      Spirit   .   (helmet currently unavailable)
rPois   +          Reflect  .   (no amulet)
rElec   .          Harm     .   (no ring)
rCorr   .          Rampage  .   (no ring)
Will    .....      NoTele   +   (no ring)
Stlth   +++.......              (no ring)
HPRegen 0.18/turn               (no ring)
MPRegen 0.12/turn               (no ring)
                                (no ring)
                                (no ring)

@: tree-form, studying Dodging
A: stationary, stasis, torment immunity, boosted hp, almost no armour,
(amphibious), 8 rings, (camouflage 1), (gelatinous body 1), (nimble swimmer 1),
(tentacles)
a: no special abilities


You were on level 4 of the Dungeon.
You were a tree.
You visited 1 branch of the dungeon, and saw 5 of its levels.

You collected 110 gold pieces.

Inventory:

Hand Weapons
 a - a +0 dagger (weapon)
Scrolls
 b - 3 scrolls of identify {unknown}
 c - 2 scrolls of enchant weapon {unknown}
 d - a scroll of teleportation {unknown}
 e - a scroll of summoning {unknown}
 f - a scroll of fear {unknown}
 i - a scroll of blinking {unknown}
 j - a scroll of enchant armour {unknown}
 k - 2 scrolls of vulnerability {unknown}
Potions
 g - a potion of magic {unknown}
 h - a potion of lignification


   Skills:
 + Level 0.1 Fighting
 + Level 0.1 Short Blades
 * Level 3.4 Dodging
 + Level 4.3 Stealth
 + Level 2.7 Spellcasting
 * Level 2.7 Conjurations
 * Level 4.9 Fire Magic


You had 3 spell levels left.
You knew the following spells:

 Your Spells              Type           Power      Damage    Failure   Level
a - Foxfire               Conj/Fire      72%        2x1d7     3%          1
b - Conjure Flame         Conj/Fire      18%        6-21      9%          3
c - Inner Flame           Hex/Fire       12%        N/A       16%         3

Your spell library contained the following spells:

 Spells                   Type           Power      Damage    Failure   Level
 Scorch                   Fire           44%        2d7       3%          2
 Flame Wave               Conj/Fire      18%        3d5       30%         4


Dungeon Overview and Level Annotations

Branches:
Dungeon (5/15)
 Temple: D:4-7

Altars:

Shops:
D:1 *!*[!

Annotations:
D:4 Eustachio


Innate Abilities, Weirdness & Mutations

You are a tree.
Your roots penetrate the ground, keeping you stationary.
You cannot be teleported.
You are immune to unholy pain and torment.
Your maximum health is greatly increased.
You cannot wear most types of armour.
((You are amphibious.))
You can wear up to eight rings at the same time.
((Your skin changes colour to match your surroundings (Stealth+).))
((Your rubbery body absorbs attacks. (AC +1, EV +1)))
((You are camouflaged near water. (Stealth+)))
((You have tentacles for arms and can constrict up to eight enemies at once.))


Message History

The foxfire hits the white imp.
The white imp is burned terribly!
The white imp is severely wounded.
The bat closely misses you.
Eustachio twirls his moustache.
The rat misses you. The bat barely misses you.
Casting: Foxfire (safe; 3% risk of failure)
Confirm with . or Enter, or press ? or * to list all spells.
You conjure some foxfire!
You constrict the rat, but do no damage.
The bat completely misses you. The white imp hits you.
The white imp freezes you. The rat barely misses you.
The white imp grins evilly.
The white imp hits you. The white imp freezes you.
The foxfire hits Eustachio but does no damage.
Eustachio is moderately wounded.
The bat misses you.
You hit Eustachio but do no damage. You grab Eustachio.
Eustachio is moderately wounded.
You constrict Eustachio. You constrict the rat.
You kill the rat!
The rat's corpse disappears in a puff of smoke!
The foxfire hits Eustachio.
Eustachio is moderately wounded.
The bat hits you. The white imp completely misses you.
The white imp gestures at you. The puff of frost hits you!
* * * LOW HITPOINT WARNING * * *
The bat hits you.
* * * LOW HITPOINT WARNING * * *
Okay, then.
Casting: Foxfire (safe; 3% risk of failure)
Confirm with . or Enter, or press ? or * to list all spells.
Okay, then.
Unknown command.
It was a potion of lignification.
You turn into a tree.
Your roots penetrate the ground.
You lose your grip on Eustachio.
The bat hits you but does no damage.
The white imp hits you but does no damage.
The river rat bites you.
You die...

#. .# .
#.# .# ..
... .#
...... .#
#..#.##[#
#.......#
#..@..$.#
#.#@†#
#.##.#♣5#
#....rb5#
#.####§##
#.####.#
#......#
######.# #
#.# #. #.#
##.####
########.#


You could see Eustachio, a river rat (summoned), 2 white imps and a bat
(summoned).

Vanquished Creatures
  A phantom (D:3)
  A hound (D:4)
  Natasha (twice) (D:3)
  Terence (D:1)
  An iguana (D:3)
  4 adders
  A dart slug (D:1)
  3 worms (D:3)
  5 ball pythons
  3 endoplasms
  2 giant cockroaches
  8 goblins
  5 hobgoblins
  2 quokkas (D:3)
  4 bats
  2 frilled lizards
  4 kobolds
  2 rats
51 creatures vanquished.

Vanquished Creatures (others)
  159 foxfires
159 creatures vanquished.

Grand Total: 210 creatures vanquished

Notes
Turn   | Place    | Note
-------+----------+-------------------------------------------
     0 | D:1      | Conn the Octopode Fire Elementalist began the quest for the
                  | Orb.
     0 | D:1      | Reached XP level 1. HP: 11/11 MP: 3/3
    12 | D:1      | Found Tyecet's General Store.
    36 | D:1      | Found a faded altar of an unknown god.
    77 | D:1      | Reached XP level 2. HP: 17/17 MP: 1/5
   282 | D:1      | Found Qiydu's Distillery.
   364 | D:1      | Found Samuejup's Assorted Antiques.
   427 | D:1      | Found Veinur Yxke's Antique Armour Boutique.
   487 | D:1      | Found Xuaw's Distillery.
   895 | D:2      | Noticed a scorpion
   896 | D:2      | Noticed Terence
  1009 | D:1      | Reached XP level 3. HP: 12/21 MP: 4/6
  1017 | D:1      | Learned a level 3 spell: Conjure Flame
  1743 | D:1      | Killed Terence
  1744 | D:1      | Reached XP level 4. HP: 19/27 MP: 0/7
  1899 | D:2      | Learned a level 3 spell: Inner Flame
  2286 | D:3      | Noticed Natasha
  2290 | D:3      | Killed Natasha
  2291 | D:3      | Reached XP level 5. HP: 31/31 MP: 3/8
  2366 | D:3      | You fall into a shaft and drop 2 floors!
  2366 | D:5      | Entered Level 5 of the Dungeon
  2366 | D:5      | Noticed a water moccasin
  2368 | D:5      | Noticed an ice beast
  2819 | D:3      | Noticed Natasha
  2823 | D:3      | Killed Natasha
  3059 | D:3      | Noticed a phantom
  3073 | D:3      | Killed a phantom
  3074 | D:3      | Reached XP level 6. HP: 32/36 MP: 0/10
  3293 | D:4      | Noticed Eustachio
  3312 | D:4      | Slain by a river rat

Illustrated notes

Levels and vault maps discovered:
D:1:      lemuel_arrival_behind_the_door_large, layout_basic,
          hellmonk_ecumenical_altar_blasted, serial_shops, shop, shop,
          nicolae_shop_behind_doors, shop, shop
D:2:      layout_rooms, uniq_terence
D:3:      layout_loops_cross, kennysheep_generic_room_5, uniq_natasha
D:4:      layout_loops_cross, minmay_misc_feat_cross, uniq_eustachio
D:5:      layout_gridville, zin_academy, minmay_temple_entry_waves,
          gammafunk_ghost_necromancy

Skill      XL: |  1  2  3  4  5 |
---------------+----------------+-----
Stealth        | 3 4 |  4.3
Fire Magic     | 4 |  4.9
Dodging        | 3 |  3.4
Conjurations   | 2 |  2.7
Fighting       | |  0.1
Short Blades   | |  0.1
Spellcasting   | |  2.7

Action                   |  1- 3 |  4- 6 || total
-------------------------+-------+-------++-------
Melee: Dagger            |    20 |    27 ||    47
       Constrict         |     5 |     9 ||    14
       Tentacles         |     2 |     6 ||     8
 Cast: Foxfire           |    38 |    55 ||    93
       Conjure Flame     |     1 |       ||     1
  Use: Scroll            |     1 |       ||     1
       Potion            |       |     1 ||     1
 Stab: Distracted        |     1 |       ||     1
       Sleeping          |     5 |     2 ||     7
Armor: Skin              |     1 |     5 ||     6
Dodge: Dodged            |    20 |    28 ||    48

Table legend: (Time is in decaauts)
 A = Elapsed time spent in this place.
 B = Non-inter-level travel time spent in this place.
 C = Inter-level travel time spent in this place.
 D = Time resting spent in this place.
 E = Time spent auto-exploring this place.
 F = Levels seen in this place.
 G = Mean time per level.
                   A        B        C        D        E       F      G
               +--------+--------+--------+--------+--------+-----+--------+
         Total |   3314 |   3251 |     63 |    248 |   2218 |   5 |  662.8 |
       Dungeon |   3314 |   3251 |     63 |    248 |   2218 |   5 |  662.8 |
               +--------+--------+--------+--------+--------+-----+--------+

Top non-repeatable levels by time:
     D:1: 1216 daAuts
     D:3: 1210 daAuts
     D:2: 703 daAuts
     D:4: 177 daAuts
     D:5: 7 daAuts
